 Dungeon Crawl Stone Soup version 0.26.1-11-gd32895ea62 (webtiles) character file.

Game seed: 9821870687651739813

227 jlumianski the Grasshopper (level 6, -3/50 HPs)
             Began as a Gnoll Warper on May 2, 2021.
             Killed from afar by Sigmund (12 damage)
             ... with a puff of flame
             ... on level 4 of the Dungeon.
             The game lasted 00:23:40 (4512 turns).

jlumianski the Grasshopper (Gnoll Warper)           Turns: 4512, Time: 00:23:41

Health: -3/50      AC:  4    Str: 14    XL:     6   Next: 2%
Magic:  10/13      EV: 18    Int: 17    God:
Gold:   227        SH:  0    Dex: 14    Spells: 8/15 levels left

rFire    . . .     SeeInvis .   a - +0 hand axe
rCold    . . .     Faith    .   (no shield)
rNeg     + . .     Spirit   .   b - +0 leather armour
rPois    .         Reflect  .   r - +0 helmet
rElec    .         Harm     .   (no cloak)
rCorr    .         Rampage  .   (no gloves)
Will     .....                  (no boots)
Stlth    ++........             (no amulet)
HPRegen  0.16/turn              s - +4 ring of evasion
MPRegen  0.13/turn              w - ring of positive energy

@: about to teleport
A: distributed training, fangs 1, strong nose
a: no special abilities


You were on level 4 of the Dungeon.
You visited 1 branch of the dungeon, and saw 4 of its levels.

You collected 227 gold pieces.

Inventory:

Hand Weapons
 a - a +0 hand axe (weapon)
 l - a +0 dagger
 t - a +0 dagger
Missiles
 c - 149 stones (quivered)
 e - 5 boomerangs of dispersal
Armour
 b - a +0 leather armour (worn)
 r - a +0 helmet (worn)
Jewellery
 n - an uncursed ring of wizardry
 s - a +4 ring of evasion (left hand)
 w - a ring of positive energy (right hand)
Scrolls
 d - a scroll of blinking
 g - 3 scrolls of amnesia
 i - a scroll of noise {unknown}
 j - a scroll of teleportation
 k - a scroll of remove curse
 v - a scroll of fear
 x - a scroll of fog {unknown}
Potions
 h - a potion of brilliance
 m - a potion of flight {unknown}
 o - a potion of ambrosia {unknown}
 p - a potion of magic {unknown}
 q - 4 potions of might {unknown}
 u - a potion of haste


   Skills:
 + Level 4.9 Fighting
 + Level 1.7 Short Blades
 + Level 1.7 Long Blades
 + Level 4.9 Axes
 + Level 1.7 Maces & Flails
 + Level 1.7 Polearms
 + Level 1.7 Staves
 + Level 1.7 Slings
 + Level 1.7 Bows
 + Level 1.7 Crossbows
 + Level 3.1 Throwing
 + Level 3.1 Armour
 + Level 4.9 Dodging
 + Level 1.7 Stealth
 + Level 1.7 Shields
 + Level 1.7 Unarmed Combat
 + Level 5.3 Spellcasting
 + Level 1.3 Conjurations
 + Level 1.3 Hexes
 + Level 1.3 Summonings
 + Level 1.3 Necromancy
 + Level 5.6 Translocations
 + Level 1.3 Transmutations
 + Level 1.3 Fire Magic
 + Level 1.3 Ice Magic
 + Level 1.3 Air Magic
 + Level 1.3 Earth Magic
 + Level 1.3 Poison Magic
 + Level 2.0 Invocations
 + Level 1.7 Evocations


You had 8 spell levels left.
You knew the following spells:

 Your Spells              Type           Power        Failure   Level
a - Blink                 Tloc           N/A          2%          2
b - Gell's Gravitas       Tloc           11%          4%          3
c - Wereblood             Tmut           9%           14%         2

Your spell library contained the following spells:

 Spells                   Type           Power        Failure   Level
 Lesser Beckoning         Tloc           11%          4%          3
 Teleport Other           Tloc           23%          4%          3
 Beastly Appendage        Tmut           18%          10%         1
 Passage of Golubria      Tloc           N/A          17%         4
 Spider Form              Tmut/Pois      4%           28%         3
 Ice Form                 Ice/Tmut       9%           67%         4
 Blade Hands              Tmut           4%           95%         5


Dungeon Overview and Level Annotations

Branches:
Dungeon (4/15)
 Temple: D:4-7

Altars:
Nemelex Xobeh
Wu Jian
Xom

Annotations:
D:4 Sigmund


Innate Abilities, Weirdness & Mutations

Your experience applies equally to all skills.
You have very sharp teeth.
Your uncanny sense of smell can sniff out nearby items.


Message History

You hit something. Something barely misses you.
You miss something. You bite something. Something hits you but does no damage.
You hit something but do no damage. You slash something! Something hits you!
* * * LOW HITPOINT WARNING * * *
Casting: Gell's Gravitas (dangerous; 4% risk of failure)
Confirm with . or Enter, or press ? or * to list all spells.
You feel a surge of power!
You blink.
You hear some strange, mumbled words.
Something tries to affect you, but you resist.
There is an open door here.
Sigmund appears from thin air!
Reactivating autopickup.
You close the door.
As you read the scroll of teleportation, it crumbles to dust.
You feel strangely unstable.
Sigmund opens the door.
You feel a little less clever now.
Sigmund points at you and mumbles some strange words.
The puff of flame hits you!
You die...

∆ #######
#.....#
#.....#
#.....#
#.@...# ∆
#.....#
∆#.....#
##+##+##
##@####
........
#...#
........
#...#
.........#...
#...#
.....>..
#.... #...#
.....)..
#.... #...#


You could see Sigmund.

Vanquished Creatures
  A scorpion (D:4)
  A hound (D:4)
  A worker ant (D:3)
  3 adders (D:2)
  An ooze (D:2)
  5 worms
  A dart slug (D:1)
  2 leopard geckos
  An orc (D:3)
  13 bats
  3 giant cockroaches
  9 goblins
  5 hobgoblins
  6 jackals
  6 quokkas
  A ball python (D:3)
  2 frilled lizards
  7 kobolds
  6 rats
74 creatures vanquished.

Vanquished Creatures (others)
  76 plants (D:2)
76 creatures vanquished.

Grand Total: 150 creatures vanquished

Notes
Turn   | Place    | Note
-------+----------+-------------------------------------------
     0 | D:1      | jlumianski the Gnoll Warper began the quest for the Orb.
     0 | D:1      | Reached XP level 1. HP: 20/20 MP: 6/6
   246 | D:1      | Reached XP level 2. HP: 24/26 MP: 7/7
   249 | D:1      | Learned a level 2 spell: Blink
   707 | D:1      | Reached XP level 3. HP: 28/31 MP: 9/9
   711 | D:1      | Learned a level 3 spell: Gell's Gravitas
   717 | D:1      | Reached skill level 5 in Spellcasting
  1175 | D:2      | Reached skill level 1 in Invocations
  1534 | D:2      | Reached skill level 1 in Short Blades
  1534 | D:2      | Reached skill level 1 in Long Blades
  1534 | D:2      | Reached skill level 1 in Maces & Flails
  1534 | D:2      | Reached skill level 1 in Polearms
  1534 | D:2      | Reached skill level 1 in Staves
  1534 | D:2      | Reached skill level 1 in Slings
  1534 | D:2      | Reached skill level 1 in Bows
  1534 | D:2      | Reached skill level 1 in Crossbows
  1534 | D:2      | Reached skill level 1 in Stealth
  1534 | D:2      | Reached skill level 1 in Shields
  1534 | D:2      | Reached skill level 1 in Unarmed Combat
  1534 | D:2      | Reached skill level 1 in Evocations
  1739 | D:2      | Found a shimmering altar of Xom.
  1742 | D:2      | Reached XP level 4. HP: 38/38 MP: 7/11
  2253 | D:2      | Reached skill level 1 in Conjurations
  2253 | D:2      | Reached skill level 1 in Hexes
  2253 | D:2      | Reached skill level 1 in Summonings
  2253 | D:2      | Reached skill level 1 in Necromancy
  2253 | D:2      | Reached skill level 1 in Transmutations
  2253 | D:2      | Reached skill level 1 in Fire Magic
  2253 | D:2      | Reached skill level 1 in Ice Magic
  2253 | D:2      | Reached skill level 1 in Air Magic
  2253 | D:2      | Reached skill level 1 in Earth Magic
  2253 | D:2      | Reached skill level 1 in Poison Magic
  2905 | D:3      | Found a sparkling altar of Nemelex Xobeh.
  3130 | D:3      | Reached XP level 5. HP: 43/43 MP: 8/12
  3358 | D:3      | Found an ornate altar of the Wu Jian Council.
  3593 | D:3      | Learned a level 2 spell: Wereblood
  4045 | D:4      | Noticed Sigmund
  4471 | D:4      | Reached XP level 6. HP: 35/50 MP: 6/13
  4512 | D:4      | Killed from afar by Sigmund

Illustrated notes

Levels and vault maps discovered:
D:1:      dpeg_arrival_ternary, layout_loops_ring, st_stairs_6
D:2:      wad_woods_stonehenge, layout_basic
D:3:      layout_basic, nzn_wu_jian_council_hall, kennysheep_nondescript,
          kennysheep_cross_bottleneck, nemelex_diamond_rough_becter
D:4:      layout_gridville, minmay_temple_entry_wispy, serial_shops,
          nicolae_shop_trees, uniq_grinder, uniq_sigmund, uniq_eustachio

Skill      XL: |  1  2  3  4  5 |
---------------+----------------+-----
Spellcasting   | 5 |  5.3
Invocations    | 1 2 |  2.0
Short Blades   | 1 |  1.7
Long Blades    | 1 |  1.7
Maces & Flails | 1 |  1.7
Polearms       | 1 |  1.7
Staves         | 1 |  1.7
Slings         | 1 |  1.7
Bows           | 1 |  1.7
Crossbows      | 1 |  1.7
Stealth        | 1 |  1.7
Shields        | 1 |  1.7
Unarmed Combat | 1 |  1.7
Evocations     | 1 |  1.7
Conjurations   | 1 |  1.3
Hexes          | 1 |  1.3
Summonings     | 1 |  1.3
Necromancy     | 1 |  1.3
Transmutations | 1 |  1.3
Fire Magic     | 1 |  1.3
Ice Magic      | 1 |  1.3
Air Magic      | 1 |  1.3
Earth Magic    | 1 |  1.3
Poison Magic   | 1 |  1.3
Throwing       | 3 |  3.1
Armour         | 3 |  3.1
Fighting       | |  4.9
Axes           | |  4.9
Dodging        | |  4.9
Translocations | |  5.6

Action                   |  1- 3 |  4- 6 || total
-------------------------+-------+-------++-------
Melee: Hand axe          |   112 |   146 ||   258
       Bite              |    10 |    20 ||    30
       Punch             |       |     2 ||     2
Throw: Stone             |    18 |   107 ||   125
 Cast: Gell's Gravitas   |     3 |     9 ||    12
       Blink             |     1 |     9 ||    10
  Use: Scroll            |     2 |     7 ||     9
       Potion            |       |     4 ||     4
 Stab: Sleeping          |       |     1 ||     1
Armor: Leather armour    |    30 |    26 ||    56
Dodge: Dodged            |    74 |    99 ||   173
